 Dungeon Crawl Stone Soup version 0.21-a0-450-gd87a9b2 (webtiles) character file.

70 slep the Skirmisher (level 4, -4/35 HPs)
             Began as a Demonspawn Monk on Nov 20, 2017.
             Killed from afar by Sigmund (8 damage)
             ... with a puff of flame
             ... on level 3 of the Dungeon.
             The game lasted 00:06:51 (1529 turns).

slep the Skirmisher (Demonspawn Monk)               Turns: 1529, Time: 00:06:52

Health: -4/35      AC:  6    Str:  9 (12) XL:     4   Next: 3%
Magic:  4/4        EV:  6    Int:  8 (11) God:
Gold:   90         SH:  9    Dex: 14 (16) Spells: 3/3 levels left

rFire    . . .     SeeInvis .   a - +0 falchion
rCold    . . .     Gourm    .   l - +0 large shield
rNeg     . . .     Faith    .   d - +0 ring mail
rPois    .         Spirit   .   n - +0 helmet
rElec    .         Reflect  .   (no cloak)
rCorr    .         Harm     .   (no gloves)
MR       .....                  (no boots)
Stlth    +.........             (no amulet)
HPRegen  0.11/turn              (no ring)
MPRegen  0.09/turn              (no ring)

@: flying
A: powered by pain 1
a: no special abilities


You were on level 3 of the Dungeon.
You were hungry.

You visited 1 branch of the dungeon, and saw 3 of its levels.

You collected 90 gold pieces.

Inventory:

Hand Weapons
 a - a +0 falchion (weapon)
 o - a +1 vampiric short sword
Armour
 b - a +0 robe
 d - a +0 ring mail (worn)
 l - a +0 large shield (worn)
 n - a +0 helmet (worn)
Scrolls
 e - a scroll of magic mapping {unknown}
 f - 2 scrolls of identify {unknown}
 g - 4 scrolls of amnesia {unknown}
 j - 2 scrolls of immolation {unknown}
 p - 3 scrolls of remove curse {unknown}
 q - a scroll of enchant armour {unknown}
 r - a scroll of fear {unknown}
 s - a scroll of random uselessness {unknown}
Potions
 k - a potion of degeneration
Comestibles
 c - 2 bread rations
 h - a meat ration
 i - a chunk of flesh


   Skills:
 + Level 3.3 Fighting
 + Level 3.2 Long Blades
 + Level 1.4 Armour
 + Level 3.2 Dodging
 + Level 2.1 Stealth
 + Level 0.3 Shields


You had 3 spell levels left.
You didn't know any spells.

Dungeon Overview and Level Annotations

Branches:
Dungeon (3/15)

Altars:
Dithmenos
Wu Jian
Yredelemnul

Annotations:
D:2 2 transporters
D:3 Sigmund


Innate Abilities, Weirdness & Mutations

You sometimes gain a little power by taking damage.


Message History

You kill the frilled lizard!
Something hits you!
* * * LOW HITPOINT WARNING * * *
Something hits you.
* * * LOW HITPOINT WARNING * * *
Things that are here:
a frilled lizard corpse; a leopard gecko corpse; a jackal corpse Your shield prevents you from hitting something.
You are feeling hungry.
You hear some strange, mumbled words.
A magic dart appears from out of thin air!
The magic dart hits you!
* * * LOW HITPOINT WARNING * * *
Your shield prevents you from hitting something.
Something hits you but does no damage.
You barely miss something.
You hear some strange, mumbled words.
A puff of flame appears from out of thin air!
The puff of flame hits you!
You die...

................
............ ..#
.#..##...###..#.##
.....#............
#...#..##.##.#...
#.....h##.##.#
(....##.......#
####.###.....##
#....@......#
#.#.##{.....# #.#.
#......# ..
#)###### #.####.#
#......# ########


There were no monsters in sight!

Vanquished Creatures
  3 adders
  A dart slug (D:2)
  A leopard gecko (D:3)
  A ball python (D:1)
  5 bats
  A giant cockroach (D:2)
  3 goblins (D:1)
  4 hobgoblins
  2 jackals (D:3)
  A quokka (D:2)
  4 frilled lizards
  9 kobolds
  6 rats
41 creatures vanquished.

Notes
Turn   | Place    | Note
-------+----------+-------------------------------------------
     0 | D:1      | slep the Demonspawn Monk began the quest for the Orb.
     0 | D:1      | Reached XP level 1. HP: 18/18 MP: 1/1
   305 | D:1      | Gained mutation: You sometimes gain a little power by taking damage. [demonic ancestry]
   305 | D:1      | Reached XP level 2. HP: 21/24 MP: 2/2
   826 | D:2      | Reached XP level 3. HP: 13/29 MP: 3/3
   945 | D:2      | Found a basalt altar of Yredelemnul.
   945 | D:2      | Noticed a phantom
   947 | D:2      | Found an ornate altar of the Wu Jian Council.
   949 | D:2      | Found a transporter.
   963 | D:2      | Found a transporter.
  1103 | D:2      | Reached skill level 1 in Armour
  1108 | D:2      | Found a shadowy altar of Dithmenos.
  1512 | D:3      | Noticed Sigmund
  1524 | D:3      | Reached XP level 4. HP: 16/35 MP: 4/4
  1529 | D:3      | Killed from afar by Sigmund

Vault maps used:
D:1:      mrwooster_arrival_arrow, minmay_pentomino_w2
D:2:      nicolae_dithmenos_through_a_glass_darkly,
          gammafunk_temple_overflow_arena, first_bread, minmay_misc_feat_cross
D:3:      lemuel_coloured_pillars_altar, chequers_ecumenical_altar_twisty,
          uniq_sigmund

Skill      XL: |  1  2  3 |
---------------+----------+-----
Dodging        | 3 |  3.2
Stealth        | 2 |  2.1
Long Blades    | 3 |  3.2
Armour         | 1 |  1.4
Fighting       | |  3.3
Shields        | |  0.3

Action                   |  1- 3 |  4- 6 || total
-------------------------+-------+-------++-------
Melee: Falchion          |   193 |     4 ||   197
  Use: Potion            |     4 |       ||     4
 Stab: Sleeping          |     2 |       ||     2
  Eat: Chunk             |     2 |       ||     2
Armor: Ring mail         |    84 |     1 ||    85
Dodge: Dodged            |    68 |       ||    68
Block: Large shield      |    83 |       ||    83
       Rpst.: Falchion   |    26 |       ||    26

Table legend:
 A = Spawn XP
 B = Non-spawn XP
 C = Spawn XP percentage of total XP
 D = Spawn monster count
 E = Non-spawn monster count
 F = Spawn count percentage of total count
 G = Total turns spent on level
                    A         B        C        D         E        F      G
               +---------+---------+-------+---------+---------+-------+---------
         Total |       0 |     100 |   0.0 |       0 |      41 |   0.0 |  1529
               +---------+---------+-------+---------+---------+-------+---------
           D:1 |       0 |      22 |   0.0 |       0 |      15 |   0.0 |   708
           D:2 |       0 |      54 |   0.0 |       0 |      18 |   0.0 |   550
           D:3 |       0 |      24 |   0.0 |       0 |       8 |   0.0 |   271
               +---------+---------+-------+---------+---------+-------+---------
